 Dungeon Crawl Stone Soup version 0.27.0-1-g7a089689b8 (webtiles) character file.

Game seed: 8809576751114146094

21583 dolemite99 the Cleaver (level 12, -17/105 HPs)
             Began as a Deep Dwarf Fighter on Aug 7, 2021.
             Was a Priest of Makhleb.
             Demolished by a boulder beetle (49 damage)
             ... on level 4 of the Lair of Beasts.
             The game lasted 00:32:27 (13216 turns).

dolemite99 the Cleaver (Deep Dwarf Fighter)        Turns: 13216, Time: 00:32:27

Health: -17/105    AC: 20    Str: 25    XL:     12   Next: 55%
Magic:  14/14      EV:  5    Int: 15    God:    Makhleb [***...]
Gold:   743        SH: 10    Dex: 12    Spells: 10/11 levels left

rFire    . . .     SeeInvis .   b - +2 hunting sling (flame)
rCold    . . .     Faith    .   c - +0 kite shield
rNeg     . . .     Spirit   .   B - +0 plate armour
rPois    .         Reflect  .   f - +2 hat {Stlth+}
rElec    .         Harm     .   t - +0 cloak
rCorr    .         Rampage  .   (no gloves)
Will     +....                  s - +1 pair of boots
Stlth    ..........             (no amulet)
HPRegen  0.00/turn              j - ring of wizardry
MPRegen  0.14/turn              o - +6 ring of intelligence

@: no status effects
A: damage resistance, heal wounds, sense surroundings 2, no regeneration
a: Heal Wounds, Renounce Religion, Minor Destruction, Lesser Servant of Makhleb


You were on level 4 of the Lair of Beasts.
You worshipped Makhleb.
Makhleb was most pleased with you.
You visited 2 branches of the dungeon, and saw 13 of its levels.
You also visited: Sewer.

You collected 743 gold pieces.

Inventory:

Hand Weapons
 a - a +1 war axe of freezing
 b - a +2 hunting sling of flaming (weapon)
 e - a +2 trident of freezing
 g - a +0 hunting sling
 r - the +10 battleaxe "Beetleslayer" {flame, Fragile rElec Int+5}
   (You acquired it on level 6 of the Dungeon)

   It burns those it strikes, dealing additional fire damage.
   Big, fiery blades are also staple armaments of hydra-hunters.
   Int:       It affects your intelligence (+5).
   rElec:     It insulates you from electricity.
   Fragile:   It will be destroyed if unequipped.
 D - a +2 spear of venom
Missiles
 i - 13 boomerangs
 k - 290 stones
 v - 64 sling bullets (quivered ammo)
 x - 23 poisoned darts
 F - 5 javelins
 I - 8 atropa-tipped darts
Armour
 c - a +0 kite shield (worn)
 f - a +2 hat of stealth (worn)
 s - a +1 pair of boots (worn)
 t - a +0 cloak (worn)
 B - a +0 plate armour (worn)
Jewellery
 j - a ring of wizardry (left hand)
 o - a +6 ring of intelligence (right hand)
 J - a ring of poison resistance
Wands
 m - a wand of iceblast (1)
 C - a wand of flame (34)
 H - a wand of mindburst (10)
Scrolls
 l - 5 scrolls of fog
 n - 2 scrolls of immolation
 w - 4 scrolls of magic mapping
 y - 4 scrolls of teleportation
 z - a scroll of fear {unknown}
 A - a scroll of holy word
 E - a scroll of amnesia
Potions
 d - a potion of cancellation
 h - a potion of flight
 p - 4 potions of heal wounds
 q - 5 potions of curing
 u - 2 potions of resistance
 G - a potion of haste


   Skills:
 - Level 6.2 Fighting
 + Level 13.7 Axes
 - Level 2.0(4.6) Slings
 - Level 5.3(5.5) Throwing
 - Level 10.9 Armour
 - Level 3.2 Shields
 - Level 12.7 Invocations
 - Level 4.7 Evocations


You had 10 spell levels left.
You knew the following spells:

 Your Spells              Type           Power      Damage    Failure   Level
a - Animate Skeleton      Necr           0%         N/A       99%         1

Your spell library contained the following spells:

 Spells                   Type           Power      Damage    Failure   Level
 Freeze                   Ice            0%         1d3       99%         1
 Pain                     Necr           0%         1d4       99%         1
 Blink                    Tloc           N/A        N/A       99%         2
 Slow                     Hex            0%         N/A       99%         2
 Confusing Touch          Hex            0%         N/A       100%        3
 Frozen Ramparts          Ice            0%         1d2       100%        3
 Inner Flame              Hex/Fire       0%         N/A       100%        3
 Lesser Beckoning         Tloc           0%         N/A       100%        3
 Vampiric Draining        Necr           0%         2d6       100%        3
 Cause Fear               Hex            0%         N/A       100%        4
 Hailstorm                Conj/Ice       0%         3d3       100%        4
 Summon Ice Beast         Ice/Summ       0%         N/A       100%        4
 Manifold Assault         Tloc           0%         N/A       100%        5
 Summon Mana Viper        Hex/Summ       0%         N/A       100%        5
 Monstrous Menagerie      Summ           0%         N/A       100%        7
 Storm Form               Tmut/Air       0%         N/A       100%        7
 Discord                  Hex            0%         N/A       100%        8


Dungeon Overview and Level Annotations

Branches:
Dungeon (9/15)             Temple (0/1) D:5            Lair (4/6) D:9
 Shoals (0/4) Lair:3        Snake (0/4) Lair:2        Sewer (visited)
    Orc: D:9-12

Altars:
Dithmenos
Kikubaaqudgha
Makhleb
Uskayaw
Vehumet
Wu Jian

Shops:
D:3 [

Annotations:
D:6 3 runed translucent doors, DocClef's ghost, weakling GnDe; Rallik's ghost, novice DjCj; RascalDebosk's ghost, novice DrFi; SnakkuSnakku7's ghost, novice DrAM; Sobieck's ghost, novice DgCj
D:7 exclusion: downstairs


Innate Abilities, Weirdness & Mutations

You are resistant to damage.
You can heal yourself by infusing magical energy.
You passively map the area around you.
You do not regenerate.


Message History

The boulder beetle stops rolling and uncurls.
Your ynoxinul hits the boulder beetle but does no damage.
The blink frog blinks!
The boulder beetle curls into a ball and begins rolling!
Your ynoxinul hits the boulder beetle but does no damage.
The blink frog blinks!
Your ynoxinul hits the boulder beetle.
The blink frog blinks!
A demon appears!
The boulder beetle hits you.
The boulder beetle stops rolling and uncurls.
Your ynoxinul gestures at the boulder beetle.
The iron shot hits the boulder beetle!
A blink frog comes into view.
The blink frog gives a loud, deep croak!
You block the boulder beetle's attack.
Your ynoxinul gestures.
Your orange demon stings the boulder beetle.
The boulder beetle looks as sick as possible!
Your orange demon poisons the boulder beetle!
Your orange demon hits the boulder beetle but does no damage.
The blink frog barely misses your ufetubus.
The boulder beetle curls into a ball and begins rolling!
Your ufetubus barely misses the boulder beetle.
Your ufetubus hits the boulder beetle but does no damage.
Your ufetubus hits the boulder beetle.
Your ufetubus hits the boulder beetle but does no damage.
The blink frog blinks!
Your orange demon stings the boulder beetle but does no damage.
Your orange demon hits the boulder beetle but does no damage.
Your ynoxinul gestures.
Your ufetubus hits the boulder beetle but does no damage. x2
Your ufetubus hits the boulder beetle.
Your ufetubus hits the boulder beetle but does no damage.
The blink frog blinks!
Your ufetubus hits the boulder beetle but does no damage. x2
Your ufetubus hits the boulder beetle but does no damage.
Your ufetubus hits the boulder beetle.
Your ufetubus closely misses the blink frog.
Your ufetubus barely misses the blink frog.
The boulder beetle hits you!!!
You die...

#### ###..# ###
##....#######.## ***
#......#..P....# *
#####..............## ,
,,,........@..P........# ,
*#.......B......#....##
,.....P.#5#.P.F.......### ,
.##P##35.5..ยง...##...#.## ,
,,, , ##
##F5.4.....##...P... ,,,
#####.......P.##....... , ,,
,#(..F5#..#PPP####...... ,
..(.....###.#######........
,
,.........#..######.......##


You could see a boulder beetle (rolling, extremely poisoned, ally target), 3
blink frogs, a friendly ynoxinul (summoned) and 5 friendly ufetubi.

Vanquished Creatures
  Gastronok (D:8)
  2 death yaks
  7 cane toads
  A komodo dragon (Lair:1)
  2 rime drakes (Lair:3)
  32 yaks
  2 wyverns
  3 basilisks
  A vampire mosquito (D:9)
  Menkaure (D:7)
  16 water moccasins
  Duvessa (D:7)
  4 sky beasts
  An orc warrior (D:8)
  A black bear (D:5)
  3 ogres
  A necrophage (D:4)
  5 centaurs
  A kobold brigand (D:7)
  11 bullfrogs
  2 gnoll sergeants (D:7)
  A scorpion (D:4)
  A water moccasin zombie (D:6)
  A water moccasin skeleton (D:5)
  Dowan (D:7)
  11 killer bees
  5 wights (D:7)
  An electric eel (D:7)
  6 howler monkeys
  A centaur zombie (D:8)
  A gnoll shaman (D:9)
  2 hounds
  2 jellies
  2 centaur skeletons (D:7)
  3 orc priests
  3 iguanas
  Natasha (twice) (D:4)
  10 orc wizards
  2 hell rats (Lair:3)
  A hound skeleton (D:4)
  A howler monkey zombie (D:8)
  13 gnolls
  21 adders
  A white imp (D:6)
  An ufetubus (D:6)
  An adder skeleton (D:4)
  4 dart slugs
  28 orcs
  5 bats
  8 endoplasms
  17 giant cockroaches
  2 goblins (D:2)
  6 hobgoblins
  13 quokkas
  11 ball pythons
  8 frilled lizards
  5 kobolds
  3 rats
302 creatures vanquished.

Vanquished Creatures (collateral kills)
  A hydra (Lair:2)
  3 death yaks
  A cane toad (Lair:2)
  2 komodo dragons
  A troll (D:9)
  A polar bear (Lair:2)
  15 yaks
  3 vampire mosquitoes (D:9)
  6 water moccasins (Lair:3)
  3 bullfrogs
  A wight (D:9)
  3 howler monkeys (D:9)
  2 hell rats (Lair:3)
  3 adders (Lair:3)
  A giant cockroach (D:4)
46 creatures vanquished.

Vanquished Creatures (others)
  An orc wizard (D:6)
  2 bushes (Lair:4)
  9 fungi
  6 plants
18 creatures vanquished.

Grand Total: 366 creatures vanquished

Notes
Turn   | Place    | Note
-------+----------+-------------------------------------------
     0 | D:1      | dolemite99 the Deep Dwarf Fighter began the quest for the
                  | Orb.
     0 | D:1      | Reached XP level 1. HP: 20/20 MP: 1/1
   130 | D:1      | Found a faded altar of an unknown god.
   773 | D:2      | Reached skill level 3 in Axes
   791 | D:2      | Reached XP level 2. HP: 27/27 MP: 2/2
   959 | D:2      | Reached skill level 4 in Axes
   959 | D:2      | Reached XP level 3. HP: 29/33 MP: 3/3
  1510 | D:3      | You fall into a shaft and drop 2 floors!
  1510 | D:5      | Entered Level 5 of the Dungeon
  1725 | D:5      | Reached skill level 5 in Axes
  1725 | D:5      | Reached XP level 4. HP: 22/40 MP: 4/4
  1898 | D:5      | Found a radiant altar of Vehumet.
  1900 | D:5      | Noticed a black bear
  1914 | D:5      | Killed a black bear
  1915 | D:5      | Reached skill level 6 in Axes
  1915 | D:5      | Reached XP level 5. HP: 43/46 MP: 4/4
  2249 | D:4      | Found an ancient bone altar of Kikubaaqudgha.
  2321 | D:4      | Reached skill level 7 in Axes
  2321 | D:4      | Reached XP level 6. HP: 46/55 MP: 5/5
  2570 | D:4      | Noticed Natasha
  2593 | D:4      | Killed Natasha
  2978 | D:4      | Reached skill level 8 in Axes
  2980 | D:4      | Found an ornate altar of the Wu Jian Council.
  3208 | D:3      | Found Xaasaguj's Armour Shoppe.
  3342 | D:4      | Noticed Natasha
  3344 | D:4      | Killed Natasha
  3353 | D:5      | Found a burning altar of Makhleb.
  3353 | D:5      | Found a staircase to the Ecumenical Temple.
  3361 | D:5      | Became a worshipper of Makhleb the Destroyer
  3459 | D:5      | Noticed a sky beast
  3493 | D:5      | Killed a sky beast
  3494 | D:5      | Reached XP level 7. HP: 38/61 MP: 6/6
  3500 | D:5      | Reached skill level 9 in Axes
  3991 | D:6      | Found a glowing drain.
  4008 | Sewer    | Entered a sewer
  4324 | Sewer    | Reached * piety under Makhleb
  4526 | D:6      | Identified a scroll of acquirement
  4526 | D:6      | Acquired the +10 battleaxe "Beetleslayer" {flame, Fragile
                  | rElec Int+5}
  4536 | D:6      | Reached skill level 10 in Axes
  4544 | D:6      | Reached XP level 8. HP: 39/68 MP: 7/7
  4602 | D:6      | Found a runed translucent gate.
  4602 | D:6      | Found a runed translucent gate.
  4602 | D:6      | Found a runed translucent gate.
  4650 | D:6      | Reached skill level 11 in Axes
  4819 | D:6      | Reached ** piety under Makhleb
  4902 | D:6      | Found a shadowy altar of Dithmenos.
  4913 | D:6      | Noticed RascalDebosk's ghost (novice DrFi)
  4913 | D:6      | Noticed DocClef's ghost (weakling GnDe)
  4913 | D:6      | Noticed Sobieck's ghost (novice DgCj)
  4913 | D:6      | Noticed SnakkuSnakku7's ghost (novice DrAM)
  4913 | D:6      | Noticed Rallik's ghost (novice DjCj)
  5376 | D:6      | Reached skill level 1 in Throwing
  5879 | D:7      | Noticed Dowan
  6333 | D:7      | Killed Dowan
  6334 | D:7      | Gained mutation: You passively map the area around you.
                  | [Deep Dwarf growth]
  6334 | D:7      | Reached XP level 9. HP: 59/74 MP: 7/7
  6709 | D:7      | Reached skill level 5 in Throwing
  6746 | D:7      | Reached skill level 1 in Invocations
  7097 | D:7      | Reached skill level 5 in Invocations
  7356 | D:7      | Noticed Duvessa
  7365 | D:7      | Killed Duvessa
  7428 | D:7      | Reached *** piety under Makhleb
  7576 | D:7      | Noticed Menkaure
  7588 | D:7      | Killed Menkaure
  8003 | D:7      | Reached XP level 10. HP: 27/81 MP: 14/14
  8009 | D:8      | Noticed a +0 spear
  8010 | D:8      | Noticed Gastronok
  8012 | D:8      | Noticed a +0 dagger
  8032 | D:8      | Killed Gastronok
  8064 | D:8      | Noticed a +0 falchion
  8142 | D:8      | Noticed a +0 short sword
  8142 | D:8      | Noticed a +0 dagger
  8142 | D:8      | Noticed a +0 spear
  8142 | D:8      | Noticed a +0 falchion
  8307 | D:8      | Noticed a +0 short sword
  8322 | D:8      | Found a hide-covered altar of Uskayaw.
  8677 | D:8      | Reached skill level 5 in Fighting
  8953 | D:9      | Reached skill level 1 in Evocations
  9044 | D:9      | Reached XP level 11. HP: 43/94 MP: 16/16
  9155 | D:9      | Reached skill level 1 in Slings
  9158 | D:9      | Reached **** piety under Makhleb
  9413 | D:9      | Found a staircase to the Lair.
  9487 | D:9      | Reached skill level 5 in Armour
  9534 | D:9      | Noticed a death yak
  9549 | D:9      | Killed a death yak
  9725 | Lair:1   | Entered Level 1 of the Lair of Beasts
 10093 | Lair:1   | Learned a level 1 spell: Animate Skeleton
 10457 | Lair:1   | You fall into a shaft and drop 1 floor!
 10620 | Lair:2   | Noticed a five-headed hydra
 10636 | Lair:2   | Killed a five-headed hydra
 10795 | Lair:2   | Reached skill level 10 in Armour
 11013 | Lair:2   | Found a staircase to the Snake Pit.
 11646 | Lair:3   | Found a staircase to the Shoals.
 11808 | Lair:3   | Reached XP level 12. HP: 39/93 MP: 15/15
 12102 | Lair:3   | Reached skill level 12 in Axes
 12671 | Lair:4   | Noticed a death yak
 12671 | Lair:4   | Noticed a death yak
 12671 | Lair:4   | Noticed a death yak
 12671 | Lair:4   | Noticed a death yak
 12700 | Lair:3   | Killed a death yak
 12931 | Lair:3   | Killed a death yak
 12936 | Lair:3   | Killed a death yak
 12937 | Lair:3   | Reached skill level 13 in Axes
 13085 | Lair:4   | Noticed a five-headed hydra
 13141 | Lair:4   | HP: 4/105 [death yak (16)]
 13147 | Lair:4   | Killed a death yak
 13198 | Lair:4   | Noticed a boulder beetle
 13216 | Lair:4   | Demolished by a boulder beetle

Illustrated notes

Levels and vault maps discovered:
D:1:      lightli_arrival_chessboard, layout_loops_ring,
          shapermc_ecumenical_altar_starsandcircs, minmay_pentomino_s2
D:2:      layout_basic
D:3:      layout_rooms, serial_shops, nicolae_shop_behind_doors,
          serial_park_tiny_pond
D:4:      layout_loops_ring, nicolae_overflow_hidden_temple,
          kiku_gazebo_pond_becter, uniq_natasha
D:5:      layout_loops_ring, nicolae_overflow_crystal_walls,
          vehumet_altar_wand_db, minmay_temple_entry_statues_pillars,
          minivault_26, nrook_campfire
D:6:      layout_loops_ring, grunt_dithmenos_smoke_and_mirrors,
          gup_sewer_entry_pipe, gammafunk_ghost_cemetery
D:7:      layout_gridville, minmay_misc_feat_ornament, nrook_pool_corridor,
          uniq_duvessa, uniq_menkaure
D:8:      layout_basic, nicolae_uskayaw_en_pointe, uniq_gastronok
D:9:      argonaut_augean_stables, layout_rooms, lair_entry_dummy,
          minmay_circle_x
Lair:1:   layout_cave_pods, beast_lair_carwin_6
Lair:2:   layout_hall_layers, dummy_snake_entry, grunt_megastairs_5
Lair:3:   lemuel_reptile_caves, layout_hall_layers, shoals_dummy_entry,
          infiniplex_staircase_pool, lemuel_fruit_fields
Lair:4:   layout_misc_corridors, st_stairs_13

Skill      XL: |  1  2  3  4  5  6  7  8  9 10 11 12 |
---------------+-------------------------------------+-----
Axes           | 3 4 5 6 7 8 10 11 13 | 13.7
Throwing       | 4 5 |  5.3
Invocations    | 9 12 | 12.7
Fighting       | 5 6 |  6.2
Evocations     | 4 |  4.7
Slings         | 2 |  2.0
Armour         | 10 | 10.9
Shields        | |  3.2

Action                   |  1- 3 |  4- 6 |  7- 9 | 10-12 || total
-------------------------+-------+-------+-------+-------++-------
Melee: War axe           |    83 |   117 |   323 |   320 ||   843
 Fire: Hunting sling     |       |       |       |    92 ||    92
Throw: Dart              |       |       |    71 |    31 ||   102
Invok: Minor Destruction |       |       |    50 |    86 ||   136
       Lesser Servant of |       |       |       |    28 ||    28
 Abil: Heal Wounds       |       |     3 |    10 |    21 ||    34
Evoke: Wand              |       |    16 |       |    27 ||    43
  Use: Scroll            |     3 |     3 |    12 |     9 ||    27
       Potion            |       |     1 |     4 |     2 ||     7
 Stab: Invisible         |       |       |       |     3 ||     3
       Distracted        |       |       |       |     1 ||     1
Armor: Scale mail        |    27 |       |       |       ||    27
       Chain mail        |    11 |    75 |   121 |       ||   207
       Plate armour      |       |       |   158 |   292 ||   450
Dodge: Dodged            |    34 |    26 |    69 |    94 ||   223
Block: Kite shield       |    57 |    48 |   226 |   242 ||   573
